 Dungeon Crawl Stone Soup version 0.18-a0-1414-gcd7f35e (webtiles) character file.

3 Reinor the Ducker (level 1, -25/11 HPs)
             Began as a Spriggan Abyssal Knight on Feb 26, 2016.
             Was a Follower of Lugonu.
             Killed from afar by a jackal (27 damage)
             ... with an exploding inner flame
             ... hexed by the player character
             ... on level 1 of the Dungeon.
             The game lasted 00:03:09 (508 turns).

Reinor the Ducker (Spriggan Abyssal Knight)          Turns: 508, Time: 00:03:09

Health: -25/11     AC:  2    Str:  8    XL:     1   Next: 41%
Magic:  3/3        EV: 18    Int: 13    God:    Lugonu [*.....]
Gold:   69         SH:  0    Dex: 15    Spells: 0 memorised, 0 levels left

rFire  . . .     SeeInvis +     a - +2 short sword
rCold  . . .     Gourm    .     b - +0 robe
rNeg   . . .     Faith    .     (shield restricted)
rPois  .         Spirit   .     (helmet restricted)
rElec  .         Dismiss  .     (no cloak)
rCorr  .         Reflect  .     (gloves unavailable)
SustAt .         Harm     .     (boots unavailable)
MR     .....                    (no amulet)
Stlth  ++........               (no ring)
                                (no ring)

@: very quick, not resistant to hostile enchantments, unstealthy
A: unfitting armour, see invisible, herbivore 3, speed 3, slow metabolism 2
a: Depart the Abyss, Renounce Religion


You were on level 1 of the Dungeon.
You worshipped Lugonu.
Lugonu was aware of your devotion.
You were not hungry.

You visited 1 branch of the dungeon, and saw 1 of its levels.
You visited the Abyss 1 time.

You collected 69 gold pieces.

Inventory:

Hand Weapons
 a - a +2 short sword (weapon)
Armour
 b - a +0 robe (worn)
Scrolls
 h - a scroll of enchant weapon
Potions
 d - 2 potions of heal wounds
 k - a potion of magic
 l - a potion of might {unknown}
Miscellaneous
 f - a plain deck of summoning {the Crusade}
Comestibles
 c - a bread ration
 i - a slice of pizza


   Skills:
 - Level 2.4 Fighting
 + Level 2.4 Short Blades
 - Level 3.5 Dodging
 + Level 0.9 Stealth
 - Level 1.7 Invocations


You couldn't memorise any spells.
You didn't know any spells.

Dungeon Overview and Level Annotations

Branches:
Dungeon (1/15)

Altars:


Innate Abilities, Weirdness & Mutations

You are tiny and cannot use many weapons and most armour.
You have supernaturally acute eyesight.
You are an herbivore.
You cover ground extremely quickly.
You need consume almost no food.


Message History

It is a scroll of enchant weapon.
Enchant which weapon? (? for menu, Esc to quit)
Your +1 short sword glows red for a moment.
Read which item? (? for menu, Esc to quit)
As you read the scroll labeled YLI JUNUHOU, it crumbles to dust.
You feel blessed for a moment.
It was a scroll of remove curse.
Read which item? (? for menu, Esc to quit)
As you read the scroll labeled UKKAIN WYMU, it crumbles to dust.
The creatures around you are filled with an inner flame!
It was a scroll of immolation.
Drink which item? (? for menu, Esc to quit)
Okay, then.
Read which item? (? for menu, Esc to quit)
Okay, then.
The jackal misses you.
You hit the jackal.
The jackal explodes!
The fiery explosion engulfs you!
Ouch! That really hurt!
You die...

...............h...
.######h#.####.....
#..†..########...#
#.#####.....######
#.####....#....###
#.##...####...<...
#§#...## ##....##
#§#...#####...#.h#
#@#....##.....##..
####........######
#........# #
#...#.#### #######


There were no monsters in sight!

Vanquished Creatures
  2 jackals (D:1)
  A bat (D:1)
3 creatures vanquished.

Notes
Turn   | Place    | Note
--------------------------------------------------------------
     0 | Abyss:1  | Reinor the Spriggan Abyssal Knight began the quest for the Orb.
     0 | Abyss:1  | Reached XP level 1. HP: 11/11 MP: 3/3
    56 | Abyss:1  | Found a corrupted altar of Lugonu.
    73 | Abyss:2  | Noticed a raiju
    73 | Abyss:2  | Noticed a raiju
   146 | Abyss:2  | Noticed a smoke demon
   268 | Abyss:3  | Noticed a worldbinder
   269 | Abyss:3  | Noticed a green death
   271 | Abyss:3  | Noticed a large abomination
   271 | Abyss:3  | Noticed a ynoxinul
   274 | Abyss:3  | Noticed a small abomination
   275 | Abyss:3  | Noticed a jumping spider
   281 | Abyss:3  | Noticed a large abomination
   287 | Abyss:3  | Noticed an iron imp
   299 | Abyss:3  | Noticed a large abomination
   300 | Abyss:3  | Noticed a vampire mage
   302 | Abyss:3  | Noticed a phantasmal warrior
   302 | Abyss:3  | Noticed a jiangshi
   302 | Abyss:3  | Noticed a jiangshi
   303 | Abyss:3  | Noticed a jiangshi
   303 | Abyss:3  | Noticed a phantasmal warrior
   303 | Abyss:3  | Noticed a quicksilver dragon zombie
   303 | D:1      | Escaped the Abyss
   409 | D:1      | Reached * piety under Lugonu
   508 | D:1      | Killed from afar by a jackal

Vault maps used:
D:1:      dpeg_arrival_round_c, minmay_misc_feat_enclosed, minmay_lizard_king
Abyss:3:  kb_abyss_rune_zappy

Action                   || total
-------------------------++-------
Melee: Short sword       ||    16
Invok: Depart the Abyss  ||     1
  Use: Scroll            ||     6
